 Dungeon Crawl Stone Soup version 0.26-a0-651-gb41185065b (webtiles) character file.

Game seed: 14004489418764169653

(classic levelgen) 259 EnegeticOcto the Chopper (level 5, 0/49 HPs)
             Began as a Deep Dwarf Fighter on Oct 21, 2020.
             Was an Initiate of Makhleb.
             Slain by a sky beast (2 damage)
             ... on level 4 of the Dungeon.
             The game lasted 00:01:03 (1568 turns).

EnegeticOcto the Chopper (Deep Dwarf Fighter)       Turns: 1568, Time: 00:01:04

Health: 0/49       AC:  7    Str: 20    XL:     5   Next: 94%
Magic:  0/1        EV:  7    Int:  9    God:    Makhleb [......]
Gold:   43         SH:  9    Dex: 12    Spells: 4/4 levels left

rFire    . . .     SeeInvis .   a - +0 war axe
rCold    . . .     Faith    .   c - +0 kite shield
rNeg     . . .     Spirit   +   b - +0 scale mail
rPois    .         Reflect  .   (no helmet)
rElec    .         Harm     .   (no cloak)
rCorr    .         Rampage  .   (no gloves)
MR       .....                  (no boots)
Stlth    ..........             f - amulet of guardian spirit
HPRegen  0.00/turn              (no ring)
MPRegen  0.07/turn              (no ring)

@: non-regenerating
A: damage resistance, heal wounds, sense surroundings 1, no regeneration
a: Heal Wounds, Renounce Religion


You were on level 4 of the Dungeon.
You worshipped Makhleb.
Makhleb was noncommittal.
You visited 1 branch of the dungeon, and saw 4 of its levels.

You collected 43 gold pieces.

Inventory:

Hand Weapons
 a - a +0 war axe (weapon)
Armour
 b - a +0 scale mail (worn)
 c - a +0 kite shield (worn)
Jewellery
 f - an amulet of guardian spirit (around neck)
Scrolls
 e - a scroll of remove curse {unknown}
 g - 3 scrolls of identify {unknown}
 l - 2 scrolls of enchant armour {unknown}
Potions
 d - a potion of might {@q3}
 h - 2 potions of heal wounds {unknown}
 i - 3 potions of curing {unknown}
 j - a potion of brilliance {unknown}
 k - a potion of magic {unknown}


   Skills:
 + Level 3.6 Fighting
 * Level 4.6 Axes
 + Level 4.3 Armour
 + Level 4.3 Shields
 + Level 0.7 Invocations


You had 4 spell levels left.
You didn't know any spells.
Your spell library was empty.

Dungeon Overview and Level Annotations

Branches:
Dungeon (4/15)
 Temple: D:4-7

Altars:
Ashenzari
Makhleb
Sif Muna


Innate Abilities, Weirdness & Mutations

You are resistant to damage.
You can heal yourself by infusing magical energy.
You passively map a small area around you.
You do not regenerate.


Message History

The iguana is heavily wounded.
The iguana barely misses you. The iguana bites you.
An iguana is nearby!
An iguana is nearby!
An iguana is nearby!
An iguana is nearby!
An iguana is nearby!
You are too injured to fight recklessly!
You are too injured to fight recklessly!
You are too injured to fight recklessly!
You are too injured to fight recklessly!
You are too injured to fight recklessly!
You are too injured to fight recklessly!
You are too injured to fight recklessly!
You are too injured to fight recklessly!
You are too injured to fight recklessly!
You are too injured to fight recklessly!
Your magical essence is drained by the effort!
You feel much better. You block the iguana's attack.
You hit the iguana but do no damage.
The iguana is heavily wounded.
The iguana barely misses you.
You hit the iguana.
The iguana is severely wounded.
The iguana bites you. The iguana barely misses you.
You closely miss the iguana.
The iguana is severely wounded.
The iguana barely misses you.
You slash the iguana!
You kill the iguana!
Makhleb accepts your kill.
You see here an iguana corpse.
You open the door.
There is an open door here.
You open the door.
Found a stone staircase leading up.
A sky beast comes into view.
The sky beast flickers out of sight!
Deactivating autopickup; reactivate with Ctrl-A.
There is a strange disturbance nearby!
No target in view!
No target in view!
No target in view!
No target in view!
No target in view!
No target in view!
No target in view!
No target in view!
No target in view!
No target in view!
No target in view!
No target in view!
No target in view!
There is a strange disturbance nearby!
There is a strange disturbance nearby!
There is a strange disturbance nearby!
There is a strange disturbance nearby!
A sky beast appears from thin air!
Reactivating autopickup.
The sky beast hits you. The sky beast shocks you.
You barely miss the sky beast.
The sky beast hits you but does no damage.
You closely miss the sky beast.
The sky beast hits you but does no damage.
The sky beast hits you. The sky beast shocks you.
You barely miss the sky beast. The sky beast barely misses you.
You completely miss the sky beast. The sky beast barely misses you.
The sky beast flickers out of sight!
Deactivating autopickup; reactivate with Ctrl-A.
Something hits you but does no damage.
You miss something. Something hits you but does no damage.
You closely miss something. Something hits you but does no damage.
You completely miss something. Something hits you but does no damage.
Something hits you. Something shocks you.
You barely miss something. You block something's attack.
You hit something. Something hits you. Something shocks you.
You miss something. Something hits you. Something shocks you.
Something hits you but does no damage.
Your shield prevents you from hitting something.
Something hits you. Something shocks you.
You hit something. Something hits you but does no damage.
You block something's attack.
You barely miss something. Something hits you. Something shocks you.
* * * LOW HITPOINT WARNING * * *
You miss something. You block something's attack.
You slash something! Something hits you.
* * * LOW HITPOINT WARNING * * *
Something shocks you.
* * * LOW HITPOINT WARNING * * *
Something hits you but does no damage.
Your shield prevents you from hitting something.
Something hits you but does no damage.
You barely miss something. Something hits you but does no damage.
You miss something. Something hits you.
* * * LOW HITPOINT WARNING * * *
Something shocks you.
* * * LOW HITPOINT WARNING * * *
Something hits you but does no damage.
You closely miss something. Something hits you.
You die...

, ,, .......... ,, ,
........... * , ,
*........... ,,
#........... ,
#...........
##########+##....>......
*
......<.......#####.....
..............#...#.....
*
......{@......#...#.....
..............#...'.....
..............#####.....
##+#####................
, #................ , ,
#................
#................
#................
#................


There were no monsters in sight!

Vanquished Creatures
  A bullfrog skeleton (D:4)
  An iguana (D:4)
  Jessica (D:3)
  Natasha (D:2)
  4 adders (D:2)
  5 gnolls (D:2)
  A worm (D:3)
  4 dart slugs (D:2)
  5 leopard geckos
  An orc (D:4)
  A ball python (D:4)
  A giant cockroach (D:2)
  3 goblins
  5 hobgoblins
  6 jackals (D:2)
  11 bats
  A frilled lizard (D:2)
  3 kobolds
  4 rats
59 creatures vanquished.

Notes
Turn   | Place    | Note
-------+----------+-------------------------------------------
     0 | D:1      | EnegeticOcto the Deep Dwarf Fighter began the quest for the
                  | Orb.
     0 | D:1      | Reached XP level 1. HP: 20/20 MP: 1/1
   193 | D:2      | Reached XP level 2. HP: 27/27 MP: 0/2
   275 | D:2      | Reached XP level 3. HP: 18/34 MP: 0/3
   393 | D:2      | Reached XP level 4. HP: 35/42 MP: 0/2
   588 | D:2      | Noticed Natasha
   601 | D:2      | Killed Natasha
   663 | D:2      | Reached XP level 5. HP: 25/49 MP: 0/3
   715 | D:2      | Found a broken altar of Ashenzari.
   715 | D:2      | Found a shimmering blue altar of Sif Muna.
   997 | D:3      | Noticed Jessica
  1003 | D:3      | Killed Jessica
  1068 | D:3      | Found a burning altar of Makhleb.
  1076 | D:3      | Became a worshipper of Makhleb the Destroyer
  1546 | D:4      | Noticed a sky beast
  1567 | D:4      | HP: 2/49 [something (4)]
  1568 | D:4      | Slain by a sky beast

Illustrated notes

Levels and vault maps discovered:
D:1:      dpeg_arrival_circle_labyrinth_c, layout_basic
D:2:      layout_basic, gammafunk_temple_overflow_pools, cheibrodos_gnoll_hut,
          uniq_natasha
D:3:      layout_loops_corners, lemuel_round_altar, uniq_jessica
D:4:      layout_gridville, kennysheep_donut

Skill      XL: |  1  2  3  4 |
---------------+-------------+-----
Fighting       | 3 |  3.6
Axes           | 3 4 |  4.6
Armour         | 4 |  4.3
Shields        | 4 |  4.3
Invocations    | |  0.7

Action                   |  1- 3 |  4- 6 || total
-------------------------+-------+-------++-------
Melee: War axe           |    97 |   160 ||   257
 Abil: Heal Wounds       |     3 |     2 ||     5
Armor: Scale mail        |    51 |    88 ||   139
Dodge: Dodged            |    43 |    50 ||    93
Block: Kite shield       |    77 |    80 ||   157

Table legend: (Time is in decaauts)
 A = Elapsed time spent in this place.
 B = Non-inter-level travel time spent in this place.
 C = Inter-level travel time spent in this place.
 D = Time resting spent in this place.
 E = Time spent auto-exploring this place.
 F = Levels seen in this place.
 G = Mean time per level.
                   A        B        C        D        E       F      G
               +--------+--------+--------+--------+--------+-----+--------+
         Total |   1680 |   1548 |    132 |      0 |    947 |   4 |  420.0 |
       Dungeon |   1680 |   1548 |    132 |      0 |    947 |   4 |  420.0 |
               +--------+--------+--------+--------+--------+-----+--------+

Top non-repeatable levels by time:
     D:2: 729 daAuts
     D:4: 491 daAuts
     D:3: 296 daAuts
     D:1: 163 daAuts
